 Dungeon Crawl Stone Soup version 0.28.0-45-g0d030f2227 (webtiles) character file.

Game seed: 275645789933440875

37 ImHallYall the Skirmisher (level 3, -2/29 HPs)
             Began as a Human Fighter on Apr 7, 2022.
             Slain by a goblin
             ... wielding a +0 club
             ... led by Robin
              (5 damage)
             ... on level 2 of the Dungeon.
             The game lasted 00:01:47 (927 turns).

ImHallYall the Skirmisher (Human Fighter)            Turns: 927, Time: 00:01:48

Health: -2/29      AC:  8    Str: 16    XL:     3   Next: 60%
Magic:  3/3        EV:  8    Int:  8    God:
Gold:   40         SH:  5    Dex: 14    Spells: 2/2 levels left

rFire   . . .      SeeInvis .   a - +0 long sword
rCold   . . .      Faith    .   c - +0 buckler
rNeg    . . .      Spirit   .   b - +0 scale mail
rPois   .          Reflect  .   f - +0 helmet
rElec   .          Harm     .   (no cloak)
rCorr   .          Rampage  .   (no gloves)
Will    .....                   (no boots)
Stlth   ..........              (no amulet)
HPRegen 0.09/turn               (no ring)
MPRegen 0.08/turn               (no ring)

@: no status effects
A: no striking features
a: no special abilities


You were on level 2 of the Dungeon.
You visited 1 branch of the dungeon, and saw 2 of its levels.

You collected 40 gold pieces.

Inventory:

Hand Weapons
 a - a +0 long sword (weapon)
Armour
 b - a +0 scale mail (worn)
 c - a +0 buckler (worn)
 f - a +0 helmet (worn)
Scrolls
 e - a scroll of fear {unknown}
Potions
 d - a potion of might


   Skills:
 + Level 3.4 Fighting
 + Level 2.7 Long Blades
 + Level 3.3 Armour
 + Level 3.1 Shields


You had 2 spell levels left.
You didn't know any spells.
Your spell library was empty.

Dungeon Overview and Level Annotations

Branches:
Dungeon (2/15)

Altars:

Shops:
D:2 !

Annotations:
D:2 Robin


Message History

A quokka comes into view.
The quokka bites you but does no damage.
The quokka bites you.
You slash the quokka!
You kill the quokka!
Found 7 gold pieces.
You open the door.
Robin, a hobgoblin and 8 goblins come into view.
Robin shouts!
The goblin shouts! x2; The hobgoblin shouts!
The goblin shouts! x4
You hear a shout!
Robin throws the goblin at you! The goblin hits you but does no damage.
You hear a shout!
You hit the goblin.
The goblin is severely wounded.
The goblin hits you with a +0 dagger.
A goblin comes into view. It is wielding a +0 dagger.
You block the goblin's attack.
Robin roars a battlecry!
The goblins go into a battle-frenzy!
You closely miss the goblin. The goblin barely misses you.
The goblin hits you but does no damage. Robin throws the goblin at you!
The goblin hits you with a +0 club.
You slash the goblin!
You kill the goblin!
The goblin hits you but does no damage. The goblin hits you with a +0 dagger.
Robin throws the goblin at you! The goblin barely misses you.
The goblin hits you with a +0 club.
Found a gnoll skeleton.
The goblin hits you with a +0 club.
* * * LOW HITPOINT WARNING * * *
Robin says, "Bow before me, strongest of all the hobgoblins!"
Robin throws the goblin at you! The goblin hits you with a +0 club.
* * * LOW HITPOINT WARNING * * *
You closely miss the goblin. You block the goblin's attack.
The goblin hits you with a +0 club.
* * * LOW HITPOINT WARNING * * *
You block the goblin's attack. The goblin barely misses you.
The goblin hits you but does no damage.
You completely miss the goblin. The goblin barely misses you.
The goblin hits you with a +0 club.
You die... #.....#......♣ #.#)#.#.....♣ #...........♣ #.#..#......♣ ###+### ###..#..##..♣ #.....#♣♣ #.....###.♣ gg8..#÷ .......##.♣♣# gg..

.#
........#....##♣g♣##.$.#
#......>.#......@gg...#
#........#.....ggg.####
#........#.........#
+.........# #.........#
#.##......# #. #####.#..
#. #.#.#


You could see Robin and 6 goblins.

Vanquished Creatures
  An adder (D:2)
  2 worms (D:2)
  2 dart slugs (D:1)
  A ball python (D:1)
  A goblin (D:2)
  2 hobgoblins
  4 kobolds
  A quokka (D:2)
  A bat (D:1)
  2 frilled lizards
17 creatures vanquished.

Notes
Turn   | Place    | Note
-------+----------+-------------------------------------------
     0 | D:1      | ImHallYall the Human Fighter began the quest for the Orb.
     0 | D:1      | Reached XP level 1. HP: 18/18 MP: 1/1
   241 | D:1      | Reached XP level 2. HP: 21/24 MP: 2/2
   324 | D:1      | You fall into a shaft and drop 1 floor!
   415 | D:2      | Found Tastrua's Distillery.
   722 | D:2      | Reached XP level 3. HP: 23/29 MP: 3/3
   921 | D:2      | Noticed Robin
   927 | D:2      | Slain by a goblin

Illustrated notes

Levels and vault maps discovered:
D:1:      dpeg_arrival_shelter, layout_rooms, serial_bayou_ford_a, minivault_19
D:2:      layout_basic, dilly_ecumenical_altar_fadedgnrine, serial_shops, shop,
          uniq_robin

Action                   || total
-------------------------++-------
Melee: Long sword        ||    63
Armor: Scale mail        ||    31
Dodge: Dodged            ||    23
Block: Buckler           ||    15
